AoeStats
← 南瓜小公主

Arena

510317347Analyzed
3v3 RM · 4h ago on Sep 30, 2026· 64m 57s· 6 players
Game mode
Random Map
Map size
Normal (6 player)
Population
200
Speed
Normal
Resources
Standard
Victory
Conquest
Starting age
Dark Age
Ending age
Imperial Age
RankedLock teamsTeams togetherTeam positionsShared explorationLock speedFull tech treeHidden civsTurbo modeCheats
Victory
Defeat
🇨🇦 Persians · Canada
1093
+10
🇨🇳 Magyars · China
1028
+12
🇩🇪 Armenians · Germany
984
+14
🇹🇼 Persians · Taiwan
950
-12
🇹🇼 Aztecs · Taiwan
948
-12
🇹🇼 Burgundians · Taiwan
938
-12
HAHAR
11:30 Feudal Age
10:50 Loom
12:07 Double-Bit Axe
16:46 Castle Age
14:51 Horse Collar
16:17 Gold Mining
17:52 Bow Saw
18:05 Heavy Plow
24:32 Stone Mining
26:05 Wheelbarrow
30:53 Imperial Age
29:37 Gold Shaft Mining
29:35 Hand Cart
29:51 Padded Archer Armor
29:42 Fletching
29:58 Scale Barding Armor
29:58 Husbandry
30:13 Thumb Ring
31:57 Leather Archer Armor
32:09 Parthian Tactics
32:51 Two-Man Saw
32:24 Crop Rotation
33:11 Ring Archer Armor
32:36 Bodkin Arrow
32:47 Scale Barding Armor
33:04 Ballistics
33:47 Bracer
34:09 Conscription
33:50 Recurve Bow
33:56 Heavy Cavalry Archer
34:58 Bloodlines
34:50 Corvinian Army
34:58 Cavalier
35:44 Elite Magyar Huszar
37:54 Hoardings
38:22 Chemistry
37:12 Heated Shot
38:09 Chain Barding Armor
37:54 Paladin
41:10 Plate Barding Armor
40:47 Masonry
40:18 Treadmill Crane
46:49 Light Cavalry
48:22 Hussar
schronnel
17:41 Feudal Age
24:22 Castle Age
23:55 Pikeman
24:18 Horse Collar
24:26 Double-Bit Axe
26:18 Stone Mining
30:00 Heavy Plow
31:40 Halberdier
36:26 Wheelbarrow
38:41 Imperial Age
38:49 Imperial Age
36:52 Forging
36:42 Scale Mail Armor
37:53 Loom
39:55 Fletching
40:40 Iron Casting
40:06 Scale Mail Armor
41:09 Chemistry
40:42 Ballistics
41:13 Conscription
40:32 Elite Skirmisher
41:54 Bodkin Arrow
41:59 Padded Archer Armor
42:50 Bow Saw
43:01 Treadmill Crane
43:30 Bracer
43:45 Leather Archer Armor
48:48 Conscription
iamstacked
5:09 Loom
7:27 Feudal Age
12:18 Wheelbarrow
15:44 Horse Collar
18:17 Town Watch
21:06 Castle Age
20:27 Double-Bit Axe
23:30 Bow Saw
29:15 Hand Cart
30:40 Heavy Plow
30:43 Gold Mining
30:44 Stone Mining
34:14 Imperial Age
32:12 Scale Barding Armor
33:16 Chain Barding Armor
33:26 Bloodlines
33:44 Husbandry
33:58 Forging
35:20 Plate Barding Armor
34:08 Heavy Camel Rider
35:15 Conscription
36:08 Chemistry
36:09 Iron Casting
38:27 Blast Furnace
39:33 Capped Ram
41:16 Siege Ram
48:42 Ballistics
48:14 Fletching
48:34 Crossbowman
49:20 Thumb Ring
49:23 Padded Archer Armor
49:21 Bodkin Arrow
49:26 Padded Archer Armor
50:31 Kamandaran
51:31 Leather Archer Armor
54:09 Light Cavalry
55:31 Heavy Scorpion
56:45 Devotion
57:47 Ring Archer Armor
Dai_Chen
0:29 Loom
10:19 Feudal Age
24:53 Castle Age
23:03 Horse Collar
23:42 Double-Bit Axe
33:53 Imperial Age
31:43 Pikeman
33:08 Ballistics
34:05 Heavy Plow
34:05 Gold Mining
34:06 Stone Mining
34:47 Kamandaran
36:16 Chemistry
35:45 Elite Skirmisher
37:00 Crossbowman
37:45 Thumb Ring
39:15 Padded Archer Armor
39:06 Fletching
41:12 Bloodlines
42:13 Cavalier
44:28 Wheelbarrow
44:21 Husbandry
45:27 Halberdier
48:09 Bow Saw
48:54 Squires
51:21 Two-Man Saw
53:48 Crop Rotation
57:08 Masonry
56:54 Murder Holes
57:46 Hand Cart
yang101310427
10:25 Double-Bit Axe
12:13 Feudal Age
11:16 Loom
15:50 Castle Age
14:12 Bow Saw
14:52 Scale Barding Armor
18:05 Wheelbarrow
20:21 Cavalier
25:37 Stone Mining
25:38 Gold Mining
27:55 Two-Man Saw
29:56 Chain Barding Armor
29:47 Forging
32:41 Imperial Age
30:16 Treadmill Crane
30:33 Murder Holes
31:06 Husbandry
31:30 Fletching
32:22 Iron Casting
33:26 Gold Shaft Mining
33:27 Stone Shaft Mining
32:55 Caravan
33:06 Guilds
32:41 Horse Collar
32:49 Town Watch
33:22 Hand Cart
33:49 Town Watch
34:38 Burgundian Vineyards
35:02 Conscription
35:25 Ballistics
34:51 Arrowslits
36:25 Plate Barding Armor
37:35 Chemistry
36:03 Paladin
38:31 Blast Furnace
44:08 Elite Skirmisher
44:41 Fletching
44:51 Padded Archer Armor
45:56 Bodkin Arrow
54:35 Pikeman
55:16 Squires
55:01 Arson
55:19 Scale Mail Armor
55:20 Bracer
55:23 Town Patrol
57:02 Chain Mail Armor
57:03 Leather Archer Armor
63:19 Flemish Revolution
南瓜小公主
0:29 Loom
10:57 Feudal Age
12:44 Wheelbarrow
15:53 Castle Age
17:35 Double-Bit Axe
20:07 Squires
20:20 Horse Collar
20:56 Gold Mining
22:59 Bow Saw
24:12 Forging
23:23 Pikeman
23:24 Eagle Warrior
25:35 Heavy Plow
26:10 Coinage
27:08 Hand Cart
31:15 Imperial Age
28:46 Stone Mining
30:13 Iron Casting
29:41 Caravan
30:12 Town Watch
31:15 Gold Shaft Mining
31:16 Stone Shaft Mining
31:22 Scale Mail Armor
31:13 Fletching
31:06 Treadmill Crane
31:37 Murder Holes
32:57 Crop Rotation
32:47 Town Patrol
33:00 Onager
36:12 Elite Eagle Warrior
38:05 Conscription
40:29 Garland Wars
43:39 Capped Ram
45:21 Siege Ram
47:01 Banking
47:59 Elite Skirmisher
54:14 Blast Furnace
53:29 Chain Mail Armor
53:10 Bodkin Arrow
53:37 Ballistics
54:18 Chemistry
53:03 Arrowslits
53:29 Fortified Wall
53:25 Siege Engineers
63:27 Padded Archer Armor
64:10 Plate Mail Armor
63:41 Bracer
Connection lost

Rejoining the realm…

Still unreachable

The connection could not be restored.

Session expired

The server has moved on; the page needs a fresh start.